 Dungeon Crawl Stone Soup version 0.23-a0-642-g3120c2f5a9 (webtiles) character file.

57 HereIgoKillingAgain the Ruffian (level 3, -3/30 HPs)
             Began as a Draconian Transmuter on Dec 31, 2018.
             Slain by Natasha (4 damage)
             ... on level 2 of the Dungeon.
             The game lasted 00:02:56 (1326 turns).

HereIgoKillingAgain the Ruffian (DrTm)              Turns: 1326, Time: 00:02:57

Health: -3/30      AC:  5    Str: 13    XL:     3   Next: 73%
Magic:  3/6        EV: 12    Int: 13    God:
Gold:   68         SH:  0    Dex: 11    Spells: 3/6 levels left

rFire    . . .     SeeInvis .     - Unarmed
rCold    . . .     Gourm    .   (no shield)
rNeg     + . .     Faith    .   (armour unavailable)
rPois    .         Spirit   .   (helmet restricted)
rElec    .         Reflect  .   (no cloak)
rCorr    .         Harm     .   (no gloves)
MR       .....                  (boots currently unavailable)
Stlth    +.........             (no amulet)
HPRegen  0.10/turn              f - ring of positive energy
MPRegen  0.10/turn              (no ring)

@: appendage (expiring)
A: unfitting armour, talons 3, cold-blooded, AC +5
a: End Transformation


You were on level 2 of the Dungeon.
You were not hungry.
You had grown temporary talons.
You visited 1 branch of the dungeon, and saw 2 of its levels.

You collected 68 gold pieces.

Inventory:

Missiles
 a - 25 arrows
Jewellery
 f - a ring of positive energy (left hand)
Potions
 d - 2 potions of heal wounds
 j - a potion of curing
Comestibles
 c - 2 rations


   Skills:
 + Level 2.4 Fighting
 - Level 1.7 Dodging
 * Level 4.2 Unarmed Combat
 - Level 2.0 Spellcasting
 - Level 2.0 Transmutations


You had 3 spell levels left.
You knew the following spells:

 Your Spells              Type           Power        Failure   Level  Hunger
a - Beastly Appendage     Tmut           #.....       11%         1    ##.....
b - Sticks to Snakes      Tmut           #.......     17%         2    ###....

Your spell library contained the following spells:

 Spells                   Type           Power        Failure   Level  Hunger
 Spider Form              Tmut/Pois      #.........   45%         3    ####...
 Ice Form                 Ice/Tmut       #.......     86%         4    #####..
 Blade Hands              Tmut           #.........   97%         5    ######.


Dungeon Overview and Level Annotations

Branches:
Dungeon (2/15)

Altars:

Annotations:
D:2 Natasha


Innate Abilities, Weirdness & Mutations

Your plain brown scales are hard. (AC +5)
You cannot fit into any form of body armour.
You are cold-blooded and may be slowed by cold attacks.
You have claws for feet.


Message History

Natasha is lightly wounded.
Natasha claws you but does no damage.
You barely miss Natasha.
Natasha is lightly wounded.
Your transformation is almost over.
Natasha claws you!
You are too injured to fight recklessly!
You are too injured to fight recklessly!
You hit Natasha. Your kick misses Natasha.
Your tail-slap misses Natasha.
Natasha is moderately wounded.
Natasha claws you.
* * * LOW HITPOINT WARNING * * *
You closely miss Natasha. Your kick misses Natasha.
Natasha is moderately wounded.
Natasha claws you.
* * * LOW HITPOINT WARNING * * *
Casting: Beastly Appendage (safe; 11% risk of failure)
Confirm with . or Enter, or press ? or * to list all spells.
You create a snake!
You now have 25 arrows.
Natasha claws you.
You die...

##### #.#.####
#.#..)<#
#.S.#### #.###
#@#
#.>.....h.....#
#....##.#.#....
#?.. #.#... .#
#.. #.# #.# ..
... <.. . ...
.(# ..# ##


You could see Natasha and a friendly ball python.

Vanquished Creatures
  Natasha (D:2)
  A leopard gecko (D:1)
  2 giant cockroaches (D:1)
  5 goblins (D:1)
  4 hobgoblins (D:1)
  4 jackals (D:2)
  4 kobolds
  2 bats (D:1)
  A frilled lizard (D:2)
  4 rats (D:1)
28 creatures vanquished.

Vanquished Creatures (collateral kills)
  A bat (D:2)
1 creature vanquished.

Grand Total: 29 creatures vanquished

Notes
Turn   | Place    | Note
-------+----------+-------------------------------------------
     0 | D:1      | HereIgoKillingAgain the Draconian Transmuter began the
                  | quest for the Orb.
     0 | D:1      | Reached XP level 1. HP: 16/16 MP: 3/3
   121 | D:1      | Reached XP level 2. HP: 15/23 MP: 5/5
   793 | D:1      | Learned a level 2 spell: Sticks to Snakes
   799 | D:2      | Noticed Natasha
   813 | D:2      | Noticed a crimson imp
  1225 | D:2      | Killed Natasha
  1225 | D:2      | Reached skill level 4 in Unarmed Combat
  1225 | D:2      | Reached XP level 3. HP: 27/30 MP: 2/6
  1315 | D:2      | Noticed Natasha
  1325 | D:2      | HP: 1/30 [Natasha (6)]
  1326 | D:2      | Slain by Natasha

Vault maps used:
D:1:      dpeg_arrival_triangle_fractal
D:2:      elyvilon_altar_3, minmay_tromino_v4_a, uniq_natasha,
          uniq_crazy_yiuf_cottage

Skill      XL: |  1  2 |
---------------+-------+-----
Fighting       | 2 |  2.4
Unarmed Combat | 4 |  4.2
Dodging        | |  1.7
Spellcasting   | |  2.0
Transmutations | |  2.0

Action                   || total
-------------------------++-------
Melee: Unarmed           ||   105
       Tailslap          ||     8
       Punch             ||     2
       Kick              ||     3
       Headbutt          ||     2
 Cast: Beastly Appendage ||     7
       Sticks to Snakes  ||     5
  Use: Scroll            ||     7
       Potion            ||     1
  Eat: Ration            ||     1
Armor: Skin              ||    32
Dodge: Dodged            ||    94

Table legend:
 A = Non-vault XP
 B = Vault XP
 C = Vault XP percentage of total XP
 D = Non-vault monster count
 E = Vault monster count
 F = Vault count percentage of total count
                 A         B        C        D         E       F
            +---------+---------+-------+---------+---------+-------
      Total |      47 |      35 |  42.7 |      28 |       1 |   3.4
            +---------+---------+-------+---------+---------+-------
        D:1 |      35 |       0 |   0.0 |      21 |       0 |   0.0
        D:2 |      12 |      35 |  74.5 |       7 |       1 |  12.5
            +---------+---------+-------+---------+---------+-------
